 Dungeon Crawl Stone Soup version 0.19.1 (webtiles) character file.

3195 Murt the Destroyer (level 9, -5/45 HPs)
             Began as a Gargoyle Wizard on Dec 15, 2016.
             Was a Follower of Vehumet.
             Slain by Darkmans's ghost (15 damage)
             ... on level 9 of the Dungeon.
             The game lasted 00:40:48 (7969 turns).

Murt the Destroyer (Gargoyle Wizard)                Turns: 7969, Time: 00:40:48

Health: -5/45      AC:  9    Str: 17      XL:     9   Next: 96%
Magic:  14/26      EV: 12    Int: 23 (24) God:    Vehumet [*.....]
Gold:   149        SH:  0    Dex:  7 (8)  Spells: 5 memorised, 7 levels left

rFire  + . .     SeeInvis .     t - +0 trident
rCold  . . .     Gourm    +     a - +0 robe
rNeg   + . .     Faith    .     (no shield)
rPois  ∞         Spirit   .     b - +0 hat
rElec  +         Reflect  .     (no cloak)
rCorr  +         Harm     .     E - +0 pair of gloves of Dithmenos's Reproof {Regen+ rCorr MP+9}
MR     +....                    I - +0 pair of boots
Stlth  ++........               y - amulet of the gourmand
                                w - +6 ring of strength
                                h - ring of protection from magic

@: very slightly contaminated, repel missiles, invisible
A: clever 1, fire resistance 1, negative energy resistance 1, electricity
resistance, unbreathing, petrification resistance, rot immunity, AC +5
a: Renounce Religion


You were on level 9 of the Dungeon.
You worshipped Vehumet.
Vehumet was aware of your devotion.
You were not hungry.

You visited 2 branches of the dungeon, and saw 10 of its levels.

You collected 424 gold pieces.
You spent 275 gold pieces at shops.

Inventory:

Hand Weapons
 p - a +1 whip of flaming
 t - a +0 trident (weapon)
Missiles
 j - 125 bolts
 l - 18 sling bullets
Armour
 a - a +0 robe (worn)
 b - a +0 hat (worn)
 E - the +0 pair of gloves of Dithmenos's Reproof (worn) {Regen+ rCorr MP+9}
   (You bought it in a shop on level 7 of the Dungeon)

   It affects your magic capacity (+9).
   It increases your rate of regeneration.
   It protects you from acid and corrosion.
 I - a +0 pair of boots (worn)
Jewellery
 h - a ring of protection from magic (left hand)
 i - an uncursed ring of protection from fire
 q - an uncursed ring of ice
 u - the ring of Bucob {Wiz MP+9 Slay-3 Stlth+}
   (You found it on level 5 of the Dungeon)

   [ring of wizardry]

   It improves your spell success rate.
   It affects your accuracy and damage with ranged weapons and melee attacks
   (-3).
   It affects your magic capacity (+9).
   It makes you more stealthy.
 w - a +6 ring of strength (right hand)
 y - an amulet of the gourmand (around neck)
Scrolls
 e - 5 scrolls of recharging
 g - a scroll of identify
 k - 2 scrolls of blinking
 n - 3 scrolls of teleportation
 x - a scroll of fear
 z - a scroll of enchant weapon
 A - 3 scrolls of enchant armour
 F - a scroll of remove curse
Potions
 m - a potion of degeneration
Books
 c - a book of Minor Magic

   Spells                             Type                      Level
   a - Magic Dart                     Conjuration                  1
   b - Blink                          Translocation                2
   c - Call Imp                       Summoning                    2
   d - Repel Missiles                 Charms/Air                   2
   e - Slow                           Hexes                        2
   f - Conjure Flame                  Conjuration/Fire             3
   g - Mephitic Cloud                 Conjuration/Poison/Air       3
Comestibles
 d - 7 bread rations
 f - 6 fruits
 B - 3 slices of pizza


   Skills:
 - Level 1.5 Dodging
 - Level 2.1 Stealth
 + Level 5.4 Spellcasting
 + Level 12.1 Conjurations
   Level 0.8 Summonings
 - Level 0.8 Translocations
 + Level 0.0 Fire Magic
   Level 5.0 Evocations


You had 7 spell levels left.
You knew the following spells:

 Your Spells              Type           Power        Failure   Level  Hunger
a - Magic Dart            Conj           ####         1%          1    None
b - Mephitic Cloud        Conj/Pois/Air  ###.....     8%          3    ##.....
c - Conjure Flame         Conj/Fire      ####....     2%          3    ##.....
m - Repel Missiles        Chrm/Air       #.....       17%         2    None
B - Blink                 Tloc           N/A          12%         2    None


Dungeon Overview and Level Annotations

Branches:
Dungeon (9/15)             Temple (1/1) D:7
   Lair: D:8-11         Orc: D:9-12

Altars:
Ashenzari
Cheibriados
Dithmenos
Elyvilon
Fedhas
Gozag
Hepliaklqana
Kikubaaqudgha
Makhleb
Nemelex Xobeh
Okawaru
Qazlal
Ru
Sif Muna
Trog
Uskayaw
Vehumet
Xom
Yredelemnul
Zin
The Shining One

Shops:
D:7 [!

Annotations:
D:4 exclusion: phantom
D:9 Darkmans's ghost, novice MiFi


Innate Abilities, Weirdness & Mutations

You are resistant to torment.
Your stone body is resilient. (AC +5)
You are immune to poison.
You resist negative energy. (rN+)
You are resistant to electric shocks. (rElec)
You can survive without breathing.
You are immune to petrification.
You are immune to rotting.
Your mind is acute. (Int +2)
Your flesh is heat resistant. (rF+)


Message History

Darkmans's ghost is engulfed in roaring flames.
You closely miss Darkmans's ghost.
Darkmans's ghost is moderately damaged.
Darkmans's ghost is engulfed in roaring flames.
Darkmans's ghost hits you!
You hit Darkmans's ghost.
Darkmans's ghost is moderately damaged.
Darkmans's ghost is engulfed in roaring flames.
Darkmans's ghost hits you!
Darkmans's ghost is engulfed in roaring flames.
Darkmans's ghost hits you.
You fade into invisibility!
Darkmans's ghost is engulfed in roaring flames.
Darkmans's ghost hits you!
* * * LOW HITPOINT WARNING * * *
You hit Darkmans's ghost but do no damage.
Darkmans's ghost is heavily damaged.
Darkmans's ghost is engulfed in roaring flames.
Darkmans's ghost hits you!
You die...

# #. #.
##########.###
#....§W@#....
#.#####.#..# #
####.#.#
#......# #
#.##.#.#
#.##.##.#.#
#.......#.<
####.####..<
#..# #....


You could see Darkmans's ghost.

Vanquished Creatures
  The ghost of Murt the Destroyer, a novice GrWz of Vehumet (D:8)
  A hornet (D:8)
  A spriggan (D:7)
  2 ice beasts (D:7)
  5 ogres
  An orc warrior (D:8)
  2 sky beasts (D:5)
  A centaur (D:7)
  5 bullfrogs
  2 water moccasin zombies (D:8)
  A scorpion (D:4)
  3 howler monkeys (D:8)
  11 crimson imps
  2 hounds (D:4)
  A jelly (D:8)
  An orc priest (D:5)
  A bullfrog skeleton (D:5)
  An orc wizard (D:8)
  2 iguanas
  2 worker ants (D:5)
  3 hound skeletons
  A worker ant zombie (D:8)
  7 adders
  2 shadow imps
  2 oozes
  An adder zombie (D:8)
  3 worms
  2 dart slugs
  6 leopard geckos
  22 orcs
  12 bats
  4 giant cockroaches
  5 hobgoblins
  11 jackals
  4 quokkas
  8 frilled lizards
  8 goblins
  2 goblin zombies (D:6)
  3 hobgoblin zombies (D:6)
  7 kobolds
  A kobold skeleton (D:6)
  A leopard gecko skeleton (D:8)
  2 orc skeletons (D:6)
  An orc zombie (D:6)
  9 rats
173 creatures vanquished.

Vanquished Creatures (collateral kills)
  A giant cockroach (D:5)
1 creature vanquished.

Vanquished Creatures (others)
  7 toadstools (D:1)
7 creatures vanquished.

Grand Total: 181 creatures vanquished

Notes
Turn   | Place    | Note
-------+----------+-------------------------------------------
     0 | D:1      | Murt the Gargoyle Wizard began the quest for the Orb.
     0 | D:1      | Reached XP level 1. HP: 10/10 MP: 4/4
   235 | D:1      | Reached skill level 2 in Conjurations
   255 | D:1      | Reached XP level 2. HP: 6/15 MP: 0/6
   263 | D:1      | Learned a level 2 spell: Blink
   574 | D:1      | Reached skill level 3 in Conjurations
   633 | D:1      | Reached XP level 3. HP: 19/19 MP: 3/7
   638 | D:1      | Learned a level 3 spell: Conjure Flame
  1341 | D:2      | Reached skill level 4 in Conjurations
  1496 | D:2      | Reached XP level 4. HP: 24/24 MP: 3/8
  1501 | D:2      | Learned a level 3 spell: Mephitic Cloud
  2147 | D:3      | Found a blossoming altar of Fedhas.
  2190 | D:3      | Reached skill level 5 in Conjurations
  2190 | D:3      | Reached XP level 5. HP: 23/28 MP: 3/9
  2909 | D:4      | Noticed a phantom
  2991 | D:4      | Reached skill level 1 in Evocations
  3180 | D:4      | Noticed an ogre
  3202 | D:4      | Killed an ogre
  3202 | D:4      | Reached skill level 6 in Conjurations
  3202 | D:4      | Reached XP level 6. HP: 32/32 MP: 0/10
  3800 | D:4      | Reached XP level 7. HP: 36/36 MP: 5/11
  4344 | D:5      | Entered Level 5 of the Dungeon
  4348 | D:5      | Reached skill level 7 in Conjurations
  4367 | D:5      | Got a coiled silver ring
  4369 | D:5      | Identified the ring of Bucob {Wiz MP+9 Slay-3 Stlth+} (You found it on level 5 of the Dungeon)
  5039 | D:5      | Reached skill level 8 in Conjurations
  5235 | D:6      | Found a glowing golden altar of the Shining One.
  5497 | D:6      | Reached XP level 8. HP: 41/41 MP: 1/12
  6173 | D:7      | Found Lapnupue's Distillery.
  6278 | D:7      | Found Oginacox's Antique Armour Emporium.
  6283 | D:7      | Reached skill level 9 in Conjurations
  6301 | D:7      | Bought a pair of heavily runed gloves for 275 gold pieces
  6306 | D:7      | Identified the +0 pair of gloves of Dithmenos's Reproof {Regen+ rCorr MP+9} (You bought it in a shop on level 7 of the Dungeon)
  6354 | D:7      | Found Wudyngom's Distillery.
  6391 | D:7      | Reached skill level 10 in Conjurations
  6508 | D:7      | Noticed a spriggan baker
  6511 | D:7      | Killed a spriggan baker
  6511 | D:7      | Reached skill level 11 in Conjurations
  6511 | D:7      | Reached XP level 9. HP: 45/45 MP: 6/13
  6677 | D:7      | Found a staircase to the Ecumenical Temple.
  6686 | Temple   | Entered the Ecumenical Temple
  6812 | Temple   | Became a worshipper of Vehumet
  6931 | D:8      | Noticed Murt's ghost (novice GrWz)
  6936 | D:8      | Noticed a lindwurm
  6952 | D:8      | Noticed a lindwurm
  7142 | D:8      | Noticed a hornet
  7176 | D:8      | Killed a hornet
  7413 | D:8      | Reached skill level 5 in Evocations
  7421 | D:8      | Noticed a lindwurm
  7554 | D:8      | Gained mutation: Your mind is acute. (Int +2) [potion of mutation]
  7554 | D:8      | Gained mutation: Your flesh is heat resistant. (rF+) [potion of mutation]
  7660 | D:8      | Killed Murt's ghost
  7660 | D:8      | Reached skill level 5 in Spellcasting
  7660 | D:8      | Reached skill level 12 in Conjurations
  7673 | D:8      | Noticed a lindwurm
  7827 | D:8      | Reached * piety under Vehumet
  7827 | D:8      | Offered knowledge of Shock by Vehumet.
  7832 | D:8      | Learned a level 2 spell: Repel Missiles
  7945 | D:9      | Noticed Darkmans's ghost (novice MiFi)
  7969 | D:9      | Slain by Darkmans's ghost

Skill      XL: |  1  2  3  4  5  6  7  8  9 |
---------------+----------------------------+-----
Conjurations   | 2 3 4 5 6 8 11 12 | 12.1
Evocations     | 1 2 3 4 5 |  5.0
Spellcasting   | 5 |  5.4
Dodging        | |  1.5
Stealth        | |  2.1
Summonings     | |  0.8
Translocations | |  0.8

Action                   |  1- 3 |  4- 6 |  7- 9 || total
-------------------------+-------+-------+-------++-------
Melee: Club              |    67 |       |       ||    67
       Unarmed           |     1 |       |       ||     1
       Whip              |       |   135 |   160 ||   295
       Trident           |       |       |   224 ||   224
 Cast: Magic Dart        |    91 |    60 |    63 ||   214
       Conjure Flame     |     1 |     2 |    20 ||    23
       Mephitic Cloud    |       |     6 |    33 ||    39
       Blink             |       |       |    12 ||    12
       Repel Missiles    |       |       |     1 ||     1
Evoke: Wand              |       |     1 |    11 ||    12
  Use: Scroll            |       |     3 |     6 ||     9
       Potion            |       |       |     8 ||     8
 Stab: Sleeping          |     2 |       |     2 ||     4
       Confused          |       |     4 |    15 ||    19
       Distracted        |       |     1 |       ||     1
  Eat: Chunk             |     2 |     1 |       ||     3
       Beef jerky        |       |     1 |     1 ||     2
       Bread ration      |       |     2 |     1 ||     3
       Meat ration       |       |       |     2 ||     2
       Royal jelly       |       |       |     1 ||     1
Armor: Robe              |    43 |    46 |   132 ||   221
Dodge: Dodged            |   101 |    79 |   195 ||   375
